 Dungeon Crawl Stone Soup version 0.28-a0-1227-ga9037bb4c8 (webtiles) character file.

Game seed: 11790237610427993792

130 ChaosChampion the Conjurer (level 4, -21/24 HPs)
             Began as a Deep Elf Conjurer on Dec 22, 2021.
             Demolished by an ogre (27 damage)
             ... on level 3 of the Dungeon.
             The game lasted 00:01:56 (2507 turns).

ChaosChampion the Conjurer (Deep Elf Conjurer)      Turns: 2507, Time: 00:01:57

Health: -21/24     AC:  2    Str:  4    XL:     4   Next: 90%
Magic:  8/12       EV: 13    Int: 25    God:
Gold:   125        SH:  0    Dex: 13    Spells: 8/11 levels left

rFire   . . .      SeeInvis .   (no weapon)
rCold   . . .      Faith    .   (no shield)
rNeg    . . .      Spirit   .   a - +0 robe
rPois   .          Reflect  .   (no helmet)
rElec   .          Harm     .   (no cloak)
rCorr   .          Rampage  .   (no gloves)
Will    .....                   (no boots)
Stlth   ++........              e - amulet of magic regeneration
HPRegen 0.08/turn               (no ring)
MPRegen 0.53/turn               (no ring)

@: lethally poisoned (-21 -> -23)
A: no striking features
a: no special abilities


You were on level 3 of the Dungeon.
You visited 1 branch of the dungeon, and saw 3 of its levels.

You collected 125 gold pieces.

Inventory:

Armour
 a - a +0 robe (worn)
Jewellery
 e - an amulet of magic regeneration (around neck)
Scrolls
 c - a scroll of identify {unknown}
 d - a scroll of magic mapping {unknown}
 j - 4 scrolls of teleportation {unknown}
Potions
 b - a potion of might {unknown}
 f - a potion of curing {unknown}
 g - a potion of berserk rage {unknown}
 h - a potion of heal wounds {unknown}
 i - a potion of invisibility {unknown}
 k - a potion of degeneration {unknown}


   Skills:
 + Level 3.7 Dodging
 + Level 3.8 Stealth
 + Level 4.2 Spellcasting
 + Level 5.2 Conjurations


You had 8 spell levels left.
You knew the following spells:

 Your Spells              Type           Power      Damage    Failure   Level
a - Magic Dart            Conj           100%       1d8       1%          1
b - Searing Ray           Conj           62%        2d6       1%          2

Your spell library contained the following spells:

 Spells                   Type           Power      Damage    Failure   Level
 Dazzling Flash           Conj/Hex       36%        N/A       9%          3
 Fulminant Prism          Conj/Hex       9%         3d7       30%         4
 Iskenderun's Mystic Bla  Conj/Tloc      18%        2d6       30%         4


Dungeon Overview and Level Annotations

Branches:
Dungeon (3/15)

Altars:
Dithmenos

Shops:
D:3 (


Message History

You see here a dart slug corpse.
There is an open door here.
The adder closely misses you. The adder bites you.
You are poisoned.
The adder poisons you!
You feel sick.
Casting: Magic Dart (safe; 1% risk of failure)
Confirm with . or Enter, or press ? or * to list all spells.
Aiming: Searing Ray (safe; 1% risk of failure)
Press: ? - help, Shift-Dir - straight line, f/p - ogre
Aim: an ogre, wielding a +0 giant club (moderately wounded, 90% to hit)
The searing ray misses the adder.
The searing ray hits the ogre.
The ogre is heavily wounded. (Press . to maintain the ray.)
You feel sick. The adder bites you.
The searing ray hits the adder.
The adder is moderately wounded.
The searing ray hits the ogre.
The ogre is heavily wounded.
You feel sick. The adder bites you.
The searing ray hits the adder.
The adder is almost dead.
The searing ray hits the ogre.
The ogre is severely wounded.
You feel sick. The adder barely misses you. x2
Casting: Searing Ray (safe; 1% risk of failure)
Confirm with . or Enter, or press ? or * to list all spells.
Restarting spell: Searing Ray (safe; 1% risk of failure)
Press: ? - help, Shift-Dir - straight line, f/p - ogre
Aim: an ogre, wielding a +0 giant club (severely wounded, 90% to hit)
The searing ray hits the adder!
You kill the adder!
The searing ray hits the ogre.
The ogre is almost dead. (Press . to maintain the ray.)
You feel sick.
The ogre hits you with a +0 giant club!!
Ouch! That really hurt!
You die...

.....#..)##..#.##..#..##..#
##.#
.#...###........#..).†.†..+
#..#
.#....#####..####..##8..8##
#... ##.#..#
#.....#....##..######...
...#..#
##.###.#....##..#...##...
.###.####..#
#.#######..#..###... .....#
#...# #.# #...#..#.## #...
#.#### #(..#
#.###...#(.#..###..) ..#
#...###..@O...##'#))).#...
..#
#.......###.........#.....
.## #...#..##
#.........###... .#
#...#.## #.........# ###.
## #...#.# #.........# ## #
#.>...# ########### #
#####.## # ####.....#
####....#####


You could see an ogre.

Vanquished Creatures
  An orc priest (D:3)
  3 adders (D:3)
  3 worms (D:2)
  2 dart slugs
  7 orcs (D:3)
  4 ball pythons
  8 endoplasms
  A giant cockroach (D:3)
  8 goblins
  A hobgoblin (D:3)
  4 jackals
  3 quokkas (D:3)
  7 bats
  5 frilled lizards
  6 kobolds
  3 rats (D:1)
66 creatures vanquished.

Notes
Turn   | Place    | Note
-------+----------+-------------------------------------------
     0 | D:1      | ChaosChampion the Deep Elf Conjurer began the quest for the
                  | Orb.
     0 | D:1      | Reached XP level 1. HP: 10/10 MP: 6/6
   210 | D:1      | Reached XP level 2. HP: 15/15 MP: 6/8
   334 | D:1      | Learned a level 2 spell: Searing Ray
   999 | D:2      | Reached XP level 3. HP: 18/19 MP: 3/10
  1351 | D:2      | Found a shadowy altar of Dithmenos.
  1935 | D:3      | Reached skill level 5 in Conjurations
  1935 | D:3      | Reached XP level 4. HP: 24/24 MP: 9/11
  2068 | D:3      | Found Sexzugyo's Weapon Boutique.
  2477 | D:3      | Noticed an ogre
  2507 | D:3      | Demolished by an ogre

Illustrated notes

Levels and vault maps discovered:
D:1:      dpeg_arrival_long_road, layout_basic, st_stairs_10
D:2:      layout_basic, basic_altar
D:3:      minmay_chambers_of_twos, layout_rooms, serial_shops, shop,
          minmay_door_square, hangedman_abyss_or_decor_stabs

Skill      XL: |  1  2  3  4 |
---------------+-------------+-----
Stealth        | 3 |  3.8
Dodging        | 3 |  3.7
Conjurations   | 5 |  5.2
Spellcasting   | 4 |  4.2

Action                   |  1- 3 |  4- 6 || total
-------------------------+-------+-------++-------
 Cast: Magic Dart        |    71 |    33 ||   104
       Searing Ray       |     7 |     4 ||    11
Armor: Robe              |     1 |     1 ||     2
Dodge: Dodged            |     1 |    12 ||    13

Table legend: (Time is in decaauts)
 A = Elapsed time spent in this place.
 B = Non-inter-level travel time spent in this place.
 C = Inter-level travel time spent in this place.
 D = Time resting spent in this place.
 E = Time spent auto-exploring this place.
 F = Levels seen in this place.
 G = Mean time per level.
                   A        B        C        D        E       F      G
               +--------+--------+--------+--------+--------+-----+--------+
         Total |   2506 |   2452 |     54 |      0 |   2185 |   3 |  835.3 |
       Dungeon |   2506 |   2452 |     54 |      0 |   2185 |   3 |  835.3 |
               +--------+--------+--------+--------+--------+-----+--------+

Top non-repeatable levels by time:
     D:1: 978 daAuts
     D:2: 874 daAuts
     D:3: 653 daAuts
